 Dungeon Crawl Stone Soup version 0.27-a0-1590-g15f69828bf (webtiles) character file.

Game seed: 4577739692149225770

56 Sin92 the Skirmisher (level 3, -2/29 HPs)
             Began as a Demonspawn Fighter on July 18, 2021.
             Slain by a gnoll (6 damage)
             ... on level 2 of the Dungeon.
             The game lasted 00:00:54 (1277 turns).

Sin92 the Skirmisher (Demonspawn Fighter)           Turns: 1277, Time: 00:00:55

Health: -2/29      AC:  6    Str: 17    XL:     3   Next: 71%
Magic:  3/3        EV:  7    Int:  9    God:
Gold:   44         SH:  9    Dex: 12    Spells: 2/2 levels left

rFire    . . .     SeeInvis .   a - +0 war axe
rCold    . . .     Faith    .   c - +0 kite shield
rNeg     . . .     Spirit   .   b - +0 scale mail
rPois    .         Reflect  .   (no helmet)
rElec    .         Harm     .   (no cloak)
rCorr    .         Rampage  .   (no gloves)
Will     .....                  (no boots)
Stlth    ..........             (no amulet)
HPRegen  0.09/turn              (no ring)
MPRegen  0.08/turn              (no ring)

@: no status effects
A: foul stench 1
a: no special abilities


You were on level 2 of the Dungeon.
You visited 1 branch of the dungeon, and saw 2 of its levels.

You collected 44 gold pieces.

Inventory:

Hand Weapons
 a - a +0 war axe (weapon)
Armour
 b - a +0 scale mail (worn)
 c - a +0 kite shield (worn)
 e - a +0 pair of gloves
Jewellery
 i - a ring of resist corrosion
 k - a ring of flight
Scrolls
 g - a scroll of noise {unknown}
 h - a scroll of amnesia {unknown}
Potions
 d - a potion of might
 f - a potion of ambrosia {unknown}
 j - a potion of berserk rage {unknown}


   Skills:
 + Level 3.4 Fighting
 + Level 2.2 Axes
 + Level 3.0 Armour
 + Level 1.2 Dodging
 + Level 3.0 Shields


You had 2 spell levels left.
You didn't know any spells.
Your spell library was empty.

Dungeon Overview and Level Annotations

Branches:
Dungeon (2/15)

Altars:

Shops:
D:2 *


Innate Abilities, Weirdness & Mutations

You may rarely emit foul miasma when damaged in melee.


Message History

The gnoll is heavily wounded.
You block the gnoll's attack. The gnoll hits you with a +0 club.
Unknown command.
There are monsters nearby!
You closely miss the gnoll.
The gnoll is heavily wounded.
You block the gnoll's attack. The gnoll hits you with a +0 club.
You emit a cloud of foul miasma!
You block the gnoll's attack.
Unknown command.
You slash the gnoll!
You kill the gnoll!
You block the gnoll's attack.
Unknown command.
The gnoll hits you with a +0 halberd. The gnoll barely misses you. x2
You see here a +0 club.
Unknown command.
You hit the gnoll but do no damage. You slash the gnoll!
You hit the gnoll but do no damage. The gnoll hits you with a +0 halberd.
The gnoll hits you but does no damage. The gnoll hits you with a +0 halberd!
You emit a cloud of foul miasma!
The gnoll closely misses you. You block the gnoll's attack.
Unknown command.
You are too injured to fight recklessly!
Unknown command.
You are too injured to fight recklessly!
Unknown command.
You are too injured to fight recklessly!
Unknown command.
You are too injured to fight recklessly!
Unknown command.
You are too injured to fight recklessly!
Unknown command.
You hit the gnoll.
The gnoll is almost dead.
You hit the gnoll but do no damage. You barely miss the gnoll.
The gnoll is engulfed in dark miasma.
The gnoll is poisoned.
The gnoll seems to slow down.
The gnoll hits you with a +0 halberd!
* * * LOW HITPOINT WARNING * * *
The gnoll hits you with a +0 halberd.
You die...

.. +....# #.#.........#
### ..#....#
)#.........# ......#.#
...........# ...##.#.###
###..##.......# ###
#.....# ###..##.......#
#...#.######...........#
###.#.......∩....#
#.#####....###.# #.#
###@g##..# #.#
###gg..### #.# #.#.####
... #.#.. .>#.## #..#.#
#....# ###


You could see 3 gnolls.

Vanquished Creatures
  A gnoll (D:2)
  An adder (D:2)
  2 dart slugs
  4 ball pythons (D:1)
  2 endoplasms (D:1)
  A giant cockroach (D:1)
  3 goblins
  A hobgoblin (D:2)
  8 kobolds
  3 quokkas (D:1)
  3 bats
  A frilled lizard (D:1)
  2 rats
32 creatures vanquished.

Notes
Turn   | Place    | Note
-------+----------+-------------------------------------------
     0 | D:1      | Sin92 the Demonspawn Fighter began the quest for the Orb.
     0 | D:1      | Reached XP level 1. HP: 18/18 MP: 1/1
   286 | D:1      | Gained mutation: You may rarely emit foul miasma when
                  | damaged in melee. [demonic ancestry]
   286 | D:1      | Reached XP level 2. HP: 24/24 MP: 2/2
   949 | D:1      | Found a faded altar of an unknown god.
   980 | D:2      | Reached skill level 1 in Dodging
   980 | D:2      | Reached XP level 3. HP: 16/29 MP: 3/3
  1264 | D:2      | Found Okiar's General Store.
  1277 | D:2      | Slain by a gnoll

Illustrated notes

Levels and vault maps discovered:
D:1:      dpeg_arrival_round_b, layout_basic, chequers_ecumenical_altar_twisty
D:2:      layout_basic, serial_shops, nicolae_shop_waterfront,
          nicolae_square_shop, minmay_indecisive_spiral

Skill      XL: |  1  2 |
---------------+-------+-----
Axes           | 2 |  2.2
Armour         | 3 |  3.0
Dodging        | 1 |  1.2
Shields        | 3 |  3.0
Fighting       | |  3.4

Action                   || total
-------------------------++-------
Melee: War axe           ||    78
Armor: Scale mail        ||    39
Dodge: Dodged            ||    23
Block: Kite shield       ||    53

Table legend: (Time is in decaauts)
 A = Elapsed time spent in this place.
 B = Non-inter-level travel time spent in this place.
 C = Inter-level travel time spent in this place.
 D = Time resting spent in this place.
 E = Time spent auto-exploring this place.
 F = Levels seen in this place.
 G = Mean time per level.
                   A        B        C        D        E       F      G
               +--------+--------+--------+--------+--------+-----+--------+
         Total |   1326 |   1317 |      9 |      0 |   1114 |   2 |  663.0 |
       Dungeon |   1326 |   1317 |      9 |      0 |   1114 |   2 |  663.0 |
               +--------+--------+--------+--------+--------+-----+--------+

Top non-repeatable levels by time:
     D:1: 992 daAuts
     D:2: 334 daAuts
